 Dungeon Crawl Stone Soup version 0.28.0-53-g5a82cb258f (webtiles) character file.

Game seed: 2551419245538150680

105 Sin92 the Skirmisher (level 5, 0/40 HPs)
             Began as a Djinni Fighter on June 30, 2022.
             Was an Initiate of Ashenzari.
             Slain by Grinder (4 damage)
             ... on level 3 of the Dungeon.
             The game lasted 00:09:47 (2669 turns).

Sin92 the Skirmisher (Djinni Fighter)               Turns: 2669, Time: 00:09:47

Health: 0/40       AC: 11    Str: 20 (21) XL:     5   Next: 9%
Gold:   114        EV:  7    Int:  7 (9)  God:    Ashenzari [......] SH:  4 Dex: 12 (15)

rFire   + + .      SeeInvis .   a - +0 trident
rCold   x . .      Faith    .   c - +0 buckler
rNeg    . . .      Spirit   .   j - +1 chain mail
rPois   ∞          Reflect  .   (no helmet)
rElec   .          Harm     .   m - +0 cloak
rCorr   .          Rampage  .   (no gloves)
Will    .....                   (boots unavailable)
Stlth   ..........              (no amulet)
HPRegen 0.13/turn               n - +6 ring of strength
MPRegen 0.00/turn               l - ring of wizardry

@: flying, invisible
A: sickness immunity, fire resistance 2, cold vulnerability 1, float, innate
caster, HP casting, extra vitality 1
a: Renounce Religion, Curse Item


You were on level 3 of the Dungeon.
You worshipped Ashenzari.
Ashenzari was noncommittal.
You visited 1 branch of the dungeon, and saw 3 of its levels.

You collected 114 gold pieces.

Inventory:

Hand Weapons
 a - a +0 trident (weapon)
Armour
 c - a +0 buckler (worn)
 j - a +1 chain mail (worn)
 m - a +0 cloak (worn)
Jewellery
 l - a ring of wizardry (right hand)
 n - a +6 ring of strength (left hand)
Scrolls
 e - a scroll of fog
 f - a scroll of teleportation
Potions
 b - a potion of attraction {unknown}
 d - a potion of resistance
 g - 2 potions of lignification
 o - 2 potions of curing


   Skills:
 + Level 3.5 Fighting
 + Level 2.0 Polearms
 + Level 3.4 Armour
 + Level 1.8 Dodging
 + Level 3.4 Shields
 + Level 1.0 Spellcasting


You had 3 spell levels left.
You knew the following spells:

 Your Spells              Type           Power      Damage    Failure   Level
a - Sting                 Tmut/Pois      4%         1d3       80%         1
b - Call Imp              Summ           1%         N/A       89%         2
Your spell library was empty.

Dungeon Overview and Level Annotations

Branches:
Dungeon (3/15)

Altars:
Ashenzari
Fedhas
Makhleb
Xom

Annotations:
D:3 Grinder


Innate Abilities, Weirdness & Mutations

You are immune to sickness and miasma.
You are immune to poison.
Your flesh is very heat resistant. (rF++)
You are vulnerable to cold. (rC-)
You float through the air rather than walking.
You learn spells naturally, not from books.
Your magical power is your life essence.
You have superior vitality. (+4 MHP)


Message History

You suddenly lose the ability to move!
Grinder gestures at you. You resist with significant effort.
Grinder gestures at you. Pain shoots through your body! Grinder hits you.
You writhe in agony.
Grinder hits you but does no damage. Grinder gestures at you.
You shrug off the repeated paralysis!
You can move again.
Unknown command.
Unknown command.
Unknown command.
You puncture Grinder!
Grinder is moderately wounded.
You block Grinder's attack.
Your magical contamination has completely faded away.
You hit Grinder.
Grinder is moderately wounded.
Grinder gestures at you.
You shrug off the repeated paralysis!
Grinder gestures at you. Pain shoots through your body!
* * * LOW HITPOINT WARNING * * *
Grinder blinks!
Unknown command.
Casting: Call Imp (quite dangerous; 85% risk of failure)
Confirm with . or Enter, or press ? or * to list all spells.
Okay, then.
Grinder blinks!
You see here a worm corpse.
It was a potion of degeneration.
There was something very wrong with that liquid.
You feel weakened.
You feel dopey.
You feel clumsy.
It was a potion of invisibility.
You fade into invisibility!
Grinder hits you.
* * * LOW HITPOINT WARNING * * *
You writhe in agony.
You die...

#.........#######
#..##............
.##..#...##)######.
............# ...
###..#...#### #.#
.....##†## #.#
####.##.### #.#
#.5....# #.#
#.@###.####### #.#
#..# #.......###.##
#..###.###........>
........# #.#.#....#
##.....####.#.#.#.##
#..#.....#.#.#.###
### #..##.##.#.#.#.#
##.##
#<.##.##.#.#.#.####
##.#.##
#..##.##.#.#.#.....


You could see Grinder.

Vanquished Creatures
  Crazy Yiuf (D:2)
  2 adders
  2 worms
  2 dart slugs
  2 orcs (D:3)
  2 ball pythons
  An endoplasm (D:1)
  3 giant cockroaches
  3 goblins
  2 hobgoblins (D:1)
  7 jackals
  2 quokkas (D:1)
  3 bats
  4 frilled lizards
  9 kobolds
  4 rats
49 creatures vanquished.

Notes
Turn   | Place    | Note
-------+----------+-------------------------------------------
     0 | D:1      | Sin92 the Djinni Fighter began the quest for the Orb.
     0 | D:1      | Reached XP level 1. HP: 20/20 MP: 0/0
   183 | D:1      | Reached XP level 2. HP: 25/25 MP: 0/0
  1163 | D:2      | Reached XP level 3. HP: 30/30 MP: 0/0
  1163 | D:2      | Learned a level 1 spell: Sting
  1352 | D:2      | Found a runed translucent door.
  1353 | D:2      | Noticed Crazy Yiuf
  1561 | D:2      | Reached skill level 1 in Dodging
  1705 | D:2      | Found a burning altar of Makhleb.
  1978 | D:2      | Reached XP level 4. HP: 34/35 MP: 0/0
  2189 | D:2      | Killed Crazy Yiuf
  2282 | D:3      | Found a faded altar of an unknown god.
  2297 | D:3      | Prayed at the altar of an unknown god.
  2297 | D:3      | Became a worshipper of Ashenzari the Shackled
  2342 | D:3      | Reached skill level 1 in Spellcasting
  2500 | D:3      | Reached XP level 5. HP: 35/40 MP: 0/0
  2500 | D:3      | Learned a level 2 spell: Call Imp
  2523 | D:3      | Found a blossoming altar of Fedhas.
  2529 | D:3      | Found a shimmering altar of Xom.
  2536 | D:3      | Found a burning altar of Makhleb.
  2637 | D:3      | Noticed Grinder
  2643 | D:3      | Paralysed by Grinder for 7 turns
  2669 | D:3      | Slain by Grinder

Illustrated notes

Levels and vault maps discovered:
D:1:      saegor_arrival_simple_c, layout_basic, dk_noncrumbling_2,
          corner_web_ring
D:2:      layout_basic, basic_altar, uniq_crazy_yiuf_cottage
D:3:      layout_loops_ring, slow_altar_2, minmay_overflow_temple_star_quad,
          chequers_ecumenical_altar_simple, uniq_grinder

Skill      XL: |  1  2  3  4 |
---------------+-------------+-----
Dodging        | 1 |  1.8
Polearms       | 2 |  2.0
Spellcasting   | 1 |  1.0
Fighting       | |  3.5
Armour         | |  3.4
Shields        | |  3.4

Action                   |  1- 3 |  4- 6 || total
-------------------------+-------+-------++-------
Melee: Trident           |   118 |    42 ||   160
  Use: Scroll            |     4 |     2 ||     6
       Potion            |       |     3 ||     3
 Stab: Sleeping          |     1 |       ||     1
Armor: Leather armour    |     3 |       ||     3
       Scale mail        |     1 |       ||     1
       Chain mail        |    88 |    18 ||   106
Dodge: Dodged            |    59 |    11 ||    70
Block: Buckler           |    34 |     8 ||    42
